 Dungeon Crawl Stone Soup version 0.27.0-1-g7a089689b8 (webtiles) character file.

Game seed: 6958543214203499246

634 yolmi the Distorting Demonspawn (level 7, -1/53 HPs)
             Began as a Demonspawn Abyssal Knight on Aug 8, 2021.
             Was a Believer of Lugonu.
             Slain by an orc warrior (11 damage)
             ... on level 5 of the Dungeon.
             The game lasted 00:35:53 (4564 turns).

yolmi the Distorting Demonspawn (DsAK)              Turns: 4564, Time: 00:35:54

Health: -1/53      AC: 16    Str: 14    XL:     7   Next: 25%
Magic:  10/10      EV: 11    Int: 14    God:    Lugonu [**....]
Gold:   168        SH:  0    Dex: 16    Spells: 6/6 levels left

rFire    . . .     SeeInvis +   a - +1 short sword
rCold    + . .     Faith    .   (no shield)
rNeg     . . .     Spirit   .   r - +8 ring mail of the Realm of Zot {Dex+4 SInv}
rPois    +         Reflect  .   (no helmet)
rElec    .         Harm     .   (no cloak)
rCorr    .         Rampage  .   m - +0 pair of gloves
Will     .....                  (no boots)
Stlth    +.........             (no amulet)
HPRegen  0.17/turn              h - ring of poison resistance
MPRegen  0.12/turn              n - ring of protection from cold

@: no status effects
A: hooves 1, slimy green scales 1, spiny 1
a: Renounce Religion, Depart the Abyss, Bend Space


You were on level 5 of the Dungeon.
You worshipped Lugonu.
Lugonu was pleased with you.
You visited 1 branch of the dungeon, and saw 5 of its levels.
You visited the Abyss 1 time.

You collected 238 gold pieces.
You spent 70 gold pieces at shops.

Inventory:

Hand Weapons
 a - a +1 short sword (weapon)
 e - a +0 short sword of speed
 u - a +1 vampiric dagger
 v - the +8 flail of Defiance {protect, rF- rC++ rCorr Stlth+}
   (You found it on level 4 of the Dungeon)

   It grants its wielder temporary protection when it strikes (+7 to AC).
   rF:        It makes you vulnerable to fire.
   rC:        It greatly protects you from cold.
   rCorr:     It protects you from acid and corrosion.
   Stlth:     It makes you more stealthy.
Missiles
 f - 39 poisoned darts (quivered)
Armour
 b - a +0 leather armour
 m - a +0 pair of gloves (worn)
 r - the +8 ring mail of the Realm of Zot (worn) {Dex+4 SInv}
   (You found it on level 4 of the Dungeon)

   Dex:       It affects your dexterity (+4).
   SInv:      It lets you see invisible.
Jewellery
 h - a ring of poison resistance (left hand)
 j - an amulet of guardian spirit
 n - a ring of protection from cold (right hand)
Wands
 d - a wand of digging (16)
 t - a wand of flame (12)
Scrolls
 c - 2 scrolls of amnesia
 o - a scroll of fear
 q - 2 scrolls of magic mapping
Potions
 g - a potion of mutation
 i - 2 potions of flight
 k - 2 potions of lignification
 l - 2 potions of curing
 p - 2 potions of degeneration {unknown}
 s - a potion of haste {unknown}


   Skills:
 + Level 3.7 Fighting
 * Level 4.5 Short Blades
 * Level 2.1 Throwing
 + Level 3.6 Armour
 + Level 2.2 Dodging
 + Level 0.3 Stealth
 * Level 4.5 Invocations


You had 6 spell levels left.
You didn't know any spells.
Your spell library was empty.

Dungeon Overview and Level Annotations

Branches:
Dungeon (5/15)
 Temple: D:4-7

Altars:
Ashenzari
Qazlal
Sif Muna
Trog
Zin
The Shining One

Shops:
D:1 ?*(![   D:5 *


Innate Abilities, Weirdness & Mutations

You have large cloven feet.
You are partially covered in slimy green scales. (AC +2)
You are partially covered in sharp spines.


Message History

Lugonu accepts your kill.
The orc warrior hits you with a +0 hand axe!
The orc priest is struck by your spines.
The orc priest hits you with a +2 vampiric dagger.
The orc priest draws strength from your wounds!
You hit the orc warrior but do no damage.
The orc warrior is heavily wounded.
The orc warrior hits you with a +0 hand axe.
The orc priest hits you but does no damage.
You hit the orc warrior but do no damage.
The orc warrior is heavily wounded.
The orc warrior is struck by your spines.
The orc warrior hits you with a +0 hand axe.
* * * LOW HITPOINT WARNING * * *
The orc priest is struck by your spines.
You kill the orc priest!
Lugonu accepts your kill.
The orc warrior hits you with a +0 hand axe.
* * * LOW HITPOINT WARNING * * *
Things that are here:
a +2 vampiric dagger; an orc corpse You hit the orc warrior but do no damage.
You kick the orc warrior, but do no damage.
The orc warrior is heavily wounded.
The orc warrior closely misses you.
You hit the orc warrior but do no damage.
The orc warrior is heavily wounded.
You barely miss the orc warrior.
The orc warrior is heavily wounded.
The orc warrior hits you but does no damage.
You closely miss the orc warrior.
The orc warrior is heavily wounded.
The orc warrior hits you but does no damage.
You hit the orc warrior but do no damage.
The orc warrior is heavily wounded.
The orc warrior hits you but does no damage.
You hit the orc warrior but do no damage.
The orc warrior is heavily wounded.
The orc warrior hits you with a +0 hand axe!
You die...

.......... .
..#.......... .## ..#..
#.#.... ..##.....
#.....
#.....#..###.....
##.... #...##..##.
#...####.......##.
##)o)#.###......##.
#.@.)..##.......##.
#......#....##..##.
#............#..###
###........#..#...###
##.##...#...##.#......
##..###..###.##.#......
#........###..#........
#..###....##.##........
#...###...............#


You could see an orc warrior.

Vanquished Creatures
  Duvessa (D:4)
  A centaur (D:4)
  A kobold brigand (D:4)
  A scorpion (D:4)
  Dowan (D:4)
  A hound (D:4)
  2 orc priests (D:5)
  An iguana (D:4)
  An orc wizard (D:5)
  A hound skeleton (D:4)
  3 adders
  3 worms
  A dart slug (D:2)
  5 orcs
  7 ball pythons
  7 endoplasms
  3 giant cockroaches
  11 goblins
  6 hobgoblins
  13 jackals
  6 kobolds
  4 quokkas
  6 bats
  3 frilled lizards
  4 rats
93 creatures vanquished.

Vanquished Creatures (others)
  33 plants (D:5)
  2 starspawn tentacles (Abyss:4)
35 creatures vanquished.

Grand Total: 128 creatures vanquished

Notes
Turn   | Place    | Note
-------+----------+-------------------------------------------
     0 | Abyss:1  | yolmi the Demonspawn Abyssal Knight began the quest for the
                  | Orb.
     0 | Abyss:1  | Reached XP level 1. HP: 18/18 MP: 2/2
   113 | Abyss:4  | Noticed a large abomination
   128 | Abyss:4  | Noticed a tentacled starspawn
   141 | Abyss:4  | Noticed a ynoxinul
   149 | D:1      | Escaped the Abyss
   394 | D:1      | Reached skill level 1 in Dodging
   395 | D:1      | Found Duzaxkid's Magic Scroll Shop.
   553 | D:1      | Found Jecoenk's Assorted Antiques.
   578 | D:1      | Reached * piety under Lugonu
   607 | D:1      | Gained mutation: You have large cloven feet. [demonic
                  | ancestry]
   607 | D:1      | Reached XP level 2. HP: 23/24 MP: 3/3
  1127 | D:1      | Found Niloh's Antique Armour Emporium.
  1371 | D:1      | Found Ciopt's Antique Weapon Emporium.
  1382 | D:1      | Found Jynuraid's Distillery.
  1388 | D:1      | Bought a potion of heal wounds for 70 gold pieces
  1408 | D:1      | You fall into a shaft and drop 1 floor!
  1420 | D:2      | Reached XP level 3. HP: 29/29 MP: 5/5
  1838 | D:2      | Reached skill level 1 in Throwing
  2034 | D:2      | Reached XP level 4. HP: 32/35 MP: 6/6
  2611 | D:3      | Reached ** piety under Lugonu
  3219 | D:3      | Found a faded altar of an unknown god.
  3506 | D:4      | Found a bloodstained altar of Trog.
  3587 | D:4      | Gained mutation: You are partially covered in slimy green
                  | scales. (AC +2) [demonic ancestry]
  3587 | D:4      | Reached XP level 5. HP: 40/41 MP: 7/7
  3773 | D:4      | Identified the +8 ring mail of the Realm of Zot {Dex+4
                  | SInv}
  3792 | D:4      | Found a broken altar of Ashenzari.
  3810 | D:4      | Noticed Duvessa
  3810 | D:4      | Noticed Dowan
  3855 | D:4      | Killed Duvessa
  3875 | D:4      | Killed Dowan
  3876 | D:4      | Reached XP level 6. HP: 15/47 MP: 8/8
  4261 | D:4      | Found a stormy altar of Qazlal.
  4279 | D:4      | Identified the +8 flail of Defiance {protect, rF- rC++
                  | rCorr Stlth+}
  4357 | D:4      | Gained mutation: You are partially covered in sharp spines.
                  | [demonic ancestry]
  4357 | D:4      | Reached XP level 7. HP: 51/53 MP: 10/10
  4413 | D:5      | Entered Level 5 of the Dungeon
  4426 | D:5      | Found Nyetaciwnu's General Store.
  4458 | D:5      | Found a shimmering blue altar of Sif Muna.
  4564 | D:5      | Slain by an orc warrior

Illustrated notes

Levels and vault maps discovered:
D:1:      amcnicky_arrival_abandoned_market, layout_basic, serial_shops,
          shop_fountains, nicolae_shop_waterfront, nicolae_shop_waterfront,
          shop, shop_statue, serial_rivers, chequers_serial_rivers_marsh,
          chequers_serial_rivers_micro_b, chequers_serial_rivers_large_a,
          chequers_serial_rivers_micro_b
D:2:      layout_loops_ring
D:3:      minmay_skewed_foursquare, layout_loops_corners,
          basic_ecumenical_altar, minmay_circle_x
D:4:      layout_loops_ring, mainiacjoe_overflow_big_doors, kennysheep_mini,
          kennysheep_mini_moat, nicolae_ashenzari_skybound, st_stairs_13,
          minmay_liquid_box, minmay_cupped, uniq_duvessa
D:5:      layout_cave_pools, mainiacjoe_overflow_chevrons, temple_hall,
          serial_bayou, serial_bayou_pond_b, serial_bayou_pond_c,
          serial_bayou_lagoon_a, serial_bayou_shore_b, serial_bayou_lake_a,
          serial_shops, shop, uniq_edmund

Skill      XL: |  1  2  3  4  5  6 |
---------------+-------------------+-----
Dodging        | 1 2 |  2.2
Short Blades   | 2 3 4 |  4.5
Invocations    | 3 4 |  4.5
Throwing       | 1 2 |  2.1
Armour         | 2 3 |  3.6
Fighting       | |  3.7
Stealth        | |  0.3

Action                   |  1- 3 |  4- 6 |  7- 9 || total
-------------------------+-------+-------+-------++-------
Melee: Short sword       |   110 |   217 |    31 ||   358
       Kick              |    16 |    66 |     8 ||    90
Throw: Dart              |    19 |    20 |       ||    39
Invok: Depart the Abyss  |     1 |       |       ||     1
  Use: Scroll            |     3 |     6 |     1 ||    10
       Potion            |       |     3 |       ||     3
Armor: Leather armour    |    30 |    29 |       ||    59
       Ring mail         |       |    58 |    19 ||    77
Dodge: Dodged            |    55 |   128 |    17 ||   200
